 Dungeon Crawl Stone Soup version 0.28-a0-1128-gb845255321 (webtiles) character file.

Game seed: 11307098892579153959

117 ChaosChampion the Insei (level 5, -1/33 HPs)
             Began as an Octopode Transmuter on Dec 12, 2021.
             Slain by a black bear (5 damage)
             ... on level 4 of the Dungeon.
             The game lasted 00:04:11 (3621 turns).

ChaosChampion the Insei (Octopode Transmuter)       Turns: 3621, Time: 00:04:12

Health: -1/33      AC:  1    Str:  9    XL:     5   Next: 1%
Magic:  5/8        EV: 13    Int: 18    God:
Gold:   122        SH:  0    Dex: 12    Spells: 2/8 levels left

rFire   . . .      SeeInvis .     - Unarmed
rCold   . . .      Faith    .   (no shield)
rNeg    . . .      Spirit   .   (helmet restricted)
rPois   .          Reflect  .   (no amulet)
rElec   .          Harm     .   (no ring)
rCorr   .          Rampage  .   (no ring)
Will    .....                   (no ring)
Stlth   ++........              (no ring)
HPRegen 0.11/turn               (no ring)
MPRegen 0.11/turn               (no ring)
                                (no ring)
                                (no ring)

@: no status effects
A: almost no armour, amphibious, 8 rings, camouflage 1, gelatinous body 1,
(nimble swimmer 1), tentacles
a: no special abilities


You were on level 4 of the Dungeon.
You visited 1 branch of the dungeon, and saw 4 of its levels.

You collected 122 gold pieces.

Inventory:

Jewellery
 i - a ring of wizardry
 j - a ring of protection from cold
 o - a +4 ring of evasion
Wands
 m - a wand of charming (7)
Scrolls
 a - 2 scrolls of enchant armour {unknown}
 c - a scroll of blinking {unknown}
 d - 2 scrolls of fear {unknown}
 e - a scroll of teleportation {unknown}
 l - a scroll of identify {unknown}
 p - a scroll of immolation {unknown}
Potions
 b - 2 potions of haste {unknown}
 f - 2 potions of invisibility {unknown}
 g - a potion of flight {unknown}
 h - a potion of attraction {unknown}
 k - a potion of lignification {unknown}
 n - a potion of brilliance {unknown}
 q - a potion of heal wounds {unknown}


   Skills:
 - Level 1.3 Fighting
 - Level 2.2 Dodging
 * Level 4.5 Unarmed Combat
 - Level 2.1 Spellcasting
 + Level 3.1 Transmutations


You had 2 spell levels left.
You knew the following spells:

 Your Spells              Type           Power      Damage    Failure   Level
a - Beastly Appendage     Tmut           26%        N/A       4%          1
b - Wereblood             Tmut           13%        N/A       8%          2
c - Spider Form           Tmut/Pois      7%         N/A       28%         3

Your spell library contained the following spells:

 Spells                   Type           Power      Damage    Failure   Level
 Ice Form                 Ice/Tmut       7%         N/A       67%         4
 Summon Forest            Summ/Tloc      0%         N/A       99%         5
 Summon Mana Viper        Hex/Summ       1%         N/A       99%         5


Dungeon Overview and Level Annotations

Branches:
Dungeon (4/15)
 Temple: D:4-7

Altars:
Wu Jian
Yredelemnul

Annotations:
D:2 Sigmund


Innate Abilities, Weirdness & Mutations

You cannot wear most types of armour.
You are amphibious.
You can wear up to eight rings at the same time.
Your skin changes colour to match your surroundings (Stealth+).
Your rubbery body absorbs attacks. (AC +1, EV +1)
((You are camouflaged near water. (Stealth+)))
You have tentacles for arms and can constrict up to eight enemies at once.


Message History

Here: a black bear (asleep)
The floor.
Casting: Beastly Appendage (safe; 4% risk of failure)
Confirm with . or Enter, or press ? or * to list all spells.
The spell is quite dangerous to miscast (28% risk of failure)!
Continue anyway?
You turn into a venomous arachnid creature.
Your transformation is almost over.
Casting: Spider Form (extremely dangerous; 50% risk of failure)
Confirm with . or Enter, or press ? or * to list all spells.
You miscast Wereblood.
You are very lightly contaminated with residual magic.
Nothing appears to happen.
You hit the hound skeleton.
The hound skeleton is lightly damaged.
The hound skeleton bites you.
The hound skeleton completely misses you.
You hit the hound skeleton but do no damage.
The hound skeleton is lightly damaged.
You hit the black bear but do no damage.
The black bear is poisoned.
You hit the black bear.
The black bear looks as sick as possible!
The black bear is lightly wounded.
The black bear barely misses you. The black bear claws you.
The black bear completely misses you.
Your transformation has ended.
Your magical contamination has completely faded away.
The black bear goes berserk!
The black bear bites you! The black bear barely misses you. x2
You tentacle-slap the black bear. You grab the black bear.
You squeeze the black bear.
The black bear is almost dead.
You constrict the black bear. The black bear barely misses you.
The black bear claws you. x2; The hound skeleton bites you.
You barely miss the black bear.
The black bear is almost dead.
You constrict the black bear. The black bear bites you!
* * * LOW HITPOINT WARNING * * *
The black bear claws you.
You die...

.. #.# #.#
#.#########
#
#..........
#..########
#..# #..#
#.######..#
#.......hZ#
#.######@.#
#..#
#..######
#<.......
#########


You could see a black bear (berserk, very poisoned) and a hound skeleton.

Vanquished Creatures
  A jelly (D:3)
  An adder (D:3)
  A worm (D:2)
  3 dart slugs
  An orc (D:3)
  11 ball pythons
  6 endoplasms
  4 giant cockroaches
  4 goblins
  10 hobgoblins
  5 quokkas
  7 bats
  4 kobolds (D:1)
  3 rats
61 creatures vanquished.

Notes
Turn   | Place    | Note
-------+----------+-------------------------------------------
     0 | D:1      | ChaosChampion the Octopode Transmuter began the quest for
                  | the Orb.
     0 | D:1      | Reached XP level 1. HP: 13/13 MP: 3/3
   129 | D:1      | Reached XP level 2. HP: 18/18 MP: 5/5
   132 | D:1      | Learned a level 2 spell: Wereblood
   797 | D:1      | Reached XP level 3. HP: 23/23 MP: 2/6
  1147 | D:2      | Got the Handbook of Malediction and Companions
  2070 | D:2      | Found a faded altar of an unknown god.
  2089 | D:2      | Reached XP level 4. HP: 18/28 MP: 4/7
  2093 | D:2      | Learned a level 3 spell: Spider Form
  2339 | D:2      | Noticed Sigmund
  2404 | D:3      | Reached skill level 4 in Unarmed Combat
  2864 | D:3      | Found an ornate altar of the Wu Jian Council.
  2874 | D:3      | Found a basalt altar of Yredelemnul.
  3400 | D:3      | Reached XP level 5. HP: 33/33 MP: 8/8
  3597 | D:4      | Noticed a black bear
  3621 | D:4      | Slain by a black bear

Illustrated notes

Levels and vault maps discovered:
D:1:      amcnicky_arrival_blooded_trapdoor, layout_basic
D:2:      layout_loops_ring, shapermc_ecumenical_altar_starsandcircs,
          uniq_sigmund
D:3:      layout_basic, nicolae_overflow_squiral, minmay_misc_feat_chi
D:4:      layout_loops_ring, serial_shops,
          nicolae_shop_temple_entry_statues_fountains, serial_glass,
          glass_columns_c, glass_columns_a

Skill      XL: |  1  2  3  4 |
---------------+-------------+-----
Unarmed Combat | 4 |  4.5
Transmutations | 3 |  3.1
Fighting       | |  1.3
Dodging        | |  2.2
Spellcasting   | |  2.1

Action                   |  1- 3 |  4- 6 || total
-------------------------+-------+-------++-------
Melee: Unarmed           |   107 |    56 ||   163
       Constrict         |    27 |     9 ||    36
       Kick              |    12 |     3 ||    15
       Tentacles         |    15 |     3 ||    18
       Punch             |       |     2 ||     2
 Cast: Beastly Appendage |    13 |     5 ||    18
       Wereblood         |     9 |     2 ||    11
       Spider Form       |       |     2 ||     2
 Stab: Sleeping          |     8 |     3 ||    11
Armor: Skin              |     3 |     2 ||     5
Dodge: Dodged            |    60 |    35 ||    95

Table legend: (Time is in decaauts)
 A = Elapsed time spent in this place.
 B = Non-inter-level travel time spent in this place.
 C = Inter-level travel time spent in this place.
 D = Time resting spent in this place.
 E = Time spent auto-exploring this place.
 F = Levels seen in this place.
 G = Mean time per level.
                   A        B        C        D        E       F      G
               +--------+--------+--------+--------+--------+-----+--------+
         Total |   3610 |   3559 |     51 |     95 |   2961 |   4 |  902.5 |
       Dungeon |   3610 |   3559 |     51 |     95 |   2961 |   4 |  902.5 |
               +--------+--------+--------+--------+--------+-----+--------+

Top non-repeatable levels by time:
     D:2: 1257 daAuts
     D:3: 1197 daAuts
     D:1: 1117 daAuts
     D:4: 38 daAuts
